 Dungeon Crawl Stone Soup version 0.31-a0-152-g6aa68a64a1 (webtiles) character file.

Game seed: 4270100154807602162

178 qw the Shooter (level 5, -9/49 HPs)
             Began as a Naga Hunter on June 9, 2023.
             Killed by nerve-wracking pain
             ... invoked by Grinder
              (12 damage)
             ... on level 3 of the Dungeon.
             The game lasted 00:00:47 (1670 turns).

qw the Shooter (Naga Hunter)                        Turns: 1670, Time: 00:00:47

Health: -9/49      AC:  5    Str: 12 (13) XL:     5   Next: 58%
Magic:  5/5        EV:  9    Int: 10      God:
Gold:   150        SH:  0    Dex: 16      Spells: 4/4 levels left

rFire   . . .        Y - +0 shortbow
rCold   + . .        (shield currently unavailable)
rNeg    . . .        c - +0 leather armour
rPois   +            (no helmet)
rElec   .            (no cloak)
rCorr   .            f - +1 pair of gloves
SInv    +            (no barding)
Will    .....        (no amulet)
Stlth   ++           e - ring of protection from cold
HPRegen 0.28/turn    (no ring)
MPRegen 0.09/turn

%: no passive effects
@: very slow
A: AC +1, large, see invisible, deformed body, poison resistance, slowness 2,
spit poison 1, naga tail 1
a: Spit Poison


You were on level 3 of the Dungeon.
You visited 1 branch of the dungeon, and saw 3 of its levels.

You collected 150 gold pieces.


Innate Abilities, Weirdness & Mutations

Your serpentine skin is tough. (AC +1)
You have supernaturally acute eyesight. (SInv)
Armour fits poorly on your strangely shaped body.
Your system is resistant to poisons. (rPois)
You cover ground very slowly.
You can spit poison.
You have a snake-like lower body.


   Skills:
 - Level 3.2 Fighting
 + Level 5.5 Ranged Weapons
 - Level 1.5 Dodging
 - Level 1.5 Stealth


You had 4 spell levels left.
You didn't know any spells.
Your spell library was empty.

Inventory:

Hand Weapons
 Y - a +0 shortbow (weapon)
Armour
 b - a +0 helmet
 c - a +0 leather armour (worn)
 f - a +1 pair of gloves (worn)
Jewellery
 e - a ring of protection from cold (left hand)
Scrolls
 a - a scroll of identify

Dungeon Overview and Level Annotations

Branches:
Dungeon (3/15)

Altars:

Annotations:
D:3 Grinder


Message History

As you read the scroll of teleportation, it crumbles to dust.
You feel strangely unstable.
You feel sick. The goblin hits you with a +0 dagger.
You shoot an arrow. The arrow hits the goblin.
You kill the goblin!
You have got your breath back.
You feel sick.
You start resting.
You feel sick.
You are no longer poisoned.
Your surroundings suddenly seem different.
Enter note:
Enter note:
Enter note:
Enter note:
Enter note:
Enter note: You start resting.
Grinder is nearby!
You shoot an arrow.
The arrow hits Grinder but does no damage.
You shoot an arrow. The arrow barely misses Grinder.
You shoot an arrow. The arrow barely misses Grinder.
You shoot an arrow. The arrow closely misses Grinder.
You shoot an arrow. The arrow hits Grinder.
Grinder is lightly wounded.
You shoot an arrow. The arrow hits Grinder.
Grinder is moderately wounded.
Grinder gestures at you. Pain shoots through your body!
You shoot an arrow. The arrow hits Grinder.
Grinder is heavily wounded.
Grinder blinks!
You shoot an arrow. The arrow closely misses Grinder.
You shoot an arrow. The arrow barely misses Grinder.
You shoot an arrow. The arrow hits Grinder.
Grinder is heavily wounded.
Grinder gestures at you. Pain shoots through your body!
You die...

###########
#..@.......
#......?...$.......
#......$..........
#.................
#......5..........
#................
#................
#.........)%)##.#
#.##.#


You could see Grinder.

Vanquished Creatures
  A scorpion (D:3)
  Ijyb (D:3)
  Robin (D:3)
  A gnoll (D:1)
  An adder (D:3)
  4 endoplasms
  4 giant cockroaches
  15 goblins
  9 hobgoblins
  6 kobolds
  3 quokkas
  4 ball pythons
  4 bats
  A frilled lizard (D:1)
  3 rats
58 creatures vanquished.

Notes
Turn   | Place    | Note
-------+----------+-------------------------------------------
     0 | D:1      | qw the Naga Hunter began the quest for the Orb.
     0 | D:1      | Reached XP level 1. HP: 19/19 MP: 1/1
     0 | D:1      | 0 ||| qw: Version: 0.2-a-122-gbc61b45
     0 | D:1      | 0 ||| qw: Game counter: 3320
     0 | D:1      | 0 ||| qw: Always use a shield: true
     0 | D:1      | 0 ||| qw: God list: Okawaru
     0 | D:1      | 0 ||| qw: Allow faded altars: false
     0 | D:1      | 0 ||| qw: Do Orc after D:15 true
     0 | D:1      | 0 ||| qw: Do second Lair branch before Depths: true
     0 | D:1      | 0 ||| qw: Lair rune preference: random
     0 | D:1      | 0 ||| qw: Plans: Normal
     0 | D:1      | 0 ||| PLANNING D:1-11
    23 | D:1      | 23 ||| INVOKING Spit Poison.
    31 | D:1      | 31 ||| INVOKING Spit Poison.
    51 | D:1      | 51 ||| INVOKING Spit Poison.
    52 | D:1      | Reached skill level 4 in Ranged Weapons
    52 | D:1      | Reached XP level 2. HP: 26/26 MP: 2/2
    56 | D:1      | 56 ||| INVOKING Spit Poison.
    59 | D:1      | 59 ||| INVOKING Spit Poison.
   105 | D:1      | 105 ||| INVOKING Spit Poison.
   278 | D:1      | 278 ||| INVOKING Spit Poison.
   301 | D:1      | 301 ||| INVOKING Spit Poison.
   318 | D:1      | 318 ||| INVOKING Spit Poison.
   346 | D:1      | 346 ||| INVOKING Spit Poison.
   350 | D:1      | Reached XP level 3. HP: 32/32 MP: 3/3
   408 | D:1      | 408 ||| INVOKING Spit Poison.
   472 | D:1      | 472 ||| INVOKING Spit Poison.
   488 | D:1      | 488 ||| INVOKING Spit Poison.
   495 | D:1      | 495 ||| INVOKING Spit Poison.
   500 | D:1      | 500 ||| INVOKING Spit Poison.
   550 | D:1      | 550 ||| INVOKING Spit Poison.
   645 | D:1      | 645 ||| DROPPING ring of magical power.
   646 | D:1      | 646 ||| READING 2 scrolls labelled HABIUMM NOWKIWK.
   647 | D:1      | 647 ||| DROPPING scroll of butterflies.
   658 | D:2      | 658 ||| INVOKING Spit Poison.
   661 | D:2      | 661 ||| INVOKING Spit Poison.
   672 | D:2      | 672 ||| INVOKING Spit Poison.
   688 | D:2      | 688 ||| INVOKING Spit Poison.
  1095 | D:2      | 1095 ||| UPGRADING to +1 pair of gloves.
  1100 | D:2      | 1100 ||| UPGRADING to ring of protection from cold.
  1101 | D:2      | 1101 ||| READING scroll labelled VOPPURUINN.
  1106 | D:2      | 1106 ||| DRINKING 2 red potions.
  1107 | D:2      | 1107 ||| READING 2 scrolls of identify.
  1107 | D:2      | 1107 ||| IDENTIFYING grey potion
  1108 | D:2      | 1108 ||| DROPPING potion of degeneration.
  1129 | D:3      | 1129 ||| INVOKING Spit Poison.
  1133 | D:3      | 1133 ||| INVOKING Spit Poison.
  1139 | D:3      | 1139 ||| INVOKING Spit Poison.
  1155 | D:3      | Noticed Robin
  1157 | D:3      | 1157 ||| INVOKING Spit Poison.
  1163 | D:3      | 1163 ||| INVOKING Spit Poison.
  1164 | D:3      | Reached skill level 5 in Ranged Weapons
  1164 | D:3      | Reached XP level 4. HP: 35/39 MP: 4/4
  1167 | D:3      | 1167 ||| INVOKING Spit Poison.
  1168 | D:3      | Killed Robin
  1172 | D:3      | HP: 8/39 [goblin/+0 dagger[Robin] (5)]
  1173 | D:3      | 1173 ||| DRINKING potion of heal wounds.
  1174 | D:3      | 1174 ||| INVOKING Spit Poison.
  1178 | D:3      | 1178 ||| INVOKING Spit Poison.
  1182 | D:3      | 1182 ||| INVOKING Spit Poison.
  1186 | D:3      | 1186 ||| INVOKING Spit Poison.
  1189 | D:3      | 1189 ||| INVOKING Spit Poison.
  1204 | D:3      | 1204 ||| INVOKING Spit Poison.
  1228 | D:3      | 1228 ||| FLEEEEING.
  1232 | D:3      | 1232 ||| FLEEEEING.
  1233 | D:3      | 1233 ||| FLEEEEING.
  1234 | D:3      | 1234 ||| STAIRDANCE
  1296 | D:3      | 1296 ||| INVOKING Spit Poison.
  1335 | D:3      | 1335 ||| INVOKING Spit Poison.
  1358 | D:3      | Found a faded altar of an unknown god.
  1486 | D:3      | Noticed Ijyb
  1495 | D:3      | 1495 ||| INVOKING Spit Poison.
  1499 | D:3      | 1499 ||| INVOKING Spit Poison.
  1505 | D:3      | 1505 ||| INVOKING Spit Poison.
  1509 | D:3      | 1509 ||| INVOKING Spit Poison.
  1512 | D:3      | Killed Ijyb
  1513 | D:3      | Reached skill level 3 in Fighting
  1636 | D:3      | Noticed a scorpion
  1637 | D:3      | 1637 ||| INVOKING Spit Poison.
  1638 | D:3      | Noticed Grinder
  1639 | D:3      | Reached XP level 5. HP: 49/49 MP: 5/5
  1640 | D:3      | 1640 ||| INVOKING Spit Poison.
  1644 | D:3      | 1644 ||| INVOKING Spit Poison.
  1650 | D:3      | 1650 ||| INVOKING Spit Poison.
  1653 | D:3      | HP: 12/49 [poisoned by a scorpion]
  1654 | D:3      | 1654 ||| READING scroll of teleportation.
  1666 | D:3      | HP: 1/49 [Grinder/nerve-wracking pain (11)]
  1670 | D:3      | Killed from afar by Grinder

Levels and vault maps discovered:
D:1:      minmay_arrival_plants_in_alcoves, layout_loops_ring, nrook_mini_vaults
D:2:      layout_basic
D:3:      layout_rooms, tgw_xom, lightli_temple_of_fire,
          hellmonk_ecumenical_altar_leap_of_faith, nicolae_titane, uniq_robin,
          uniq_grinder, uniq_ijyb

Skill      XL: |  1  2  3  4 |
---------------+-------------+-----
Ranged Weapons | 4 5 |  5.5
Fighting       | 3 |  3.2
Dodging        | |  1.5
Stealth        | |  1.5

Action                     |  1- 3 |  4- 6 || total
---------------------------+-------+-------++-------
   Fire: Shortbow          |    71 |    71 ||   142
Ability: Spit Poison       |    25 |    17 ||    42
    Use: Scroll            |     3 |     1 ||     4
         Potion            |     1 |     1 ||     2
 Armour: Leather armour    |    10 |    50 ||    60
  Dodge: Dodged            |    21 |    66 ||    87

Table legend:
 A = Non-vault XP
 B = Vault XP
 C = Vault XP percentage of total XP
 D = Non-vault monster count
 E = Vault monster count
 F = Vault count percentage of total count
                 A         B        C        D         E       F
            +---------+---------+-------+---------+---------+-------
      Total |     185 |      70 |  27.5 |      46 |      12 |  20.7
            +---------+---------+-------+---------+---------+-------
        D:1 |      54 |       0 |   0.0 |      25 |       0 |   0.0
        D:2 |      11 |       0 |   0.0 |       6 |       0 |   0.0
        D:3 |     120 |      70 |  36.8 |      15 |      12 |  44.4
            +---------+---------+-------+---------+---------+-------
